 Dungeon Crawl Stone Soup version 0.22-a0-278-g8f80174 (webtiles) character file.

56 varam the Chucker (level 3, -7/33 HPs)
             Began as a Troll Hunter on Mar 15, 2018.
             Mangled by Grinder (10 damage)
             ... on level 3 of the Dungeon.
             The game lasted 00:03:09 (1161 turns).

varam the Chucker (Troll Hunter)                    Turns: 1161, Time: 00:03:10

Health: -7/33      AC:  5    Str: 20    XL:     3   Next: 69%
Magic:  2/2        EV: 10    Int:  8    God:
Gold:   66         SH:  0    Dex: 10    Spells: 2/2 levels left

rFire    . . .     SeeInvis .     - Unarmed
rCold    . . .     Gourm    +   (no shield)
rNeg     . . .     Faith    .   b - +0 robe
rPois    .         Spirit   .   (helmet restricted)
rElec    .         Reflect  .   (no cloak)
rCorr    .         Harm     .   (gloves unavailable)
MR       .....                  (boots unavailable)
Stlth    +.........             (no amulet)
HPRegen  0.51/turn              (no ring)
MPRegen  0.08/turn              (no ring)

@: no status effects
A: large, unfitting armour, claws 3, fast metabolism 3, gourmand, regeneration
1, shaggy fur 1, tough skin 2
a: no special abilities


You were on level 3 of the Dungeon.
You were not hungry.

You visited 1 branch of the dungeon, and saw 3 of its levels.

You collected 66 gold pieces.

Inventory:

Missiles
 d - 2 throwing nets (quivered)
Armour
 b - a +0 robe (worn)
Wands
 l - a wand of random effects (34)
Scrolls
 e - 2 scrolls of remove curse {unknown}
 g - a scroll of identify {unknown}
 h - a scroll of teleportation {unknown}
 o - a scroll of enchant weapon {unknown}
Potions
 a - a potion of curing {unknown}
 i - a potion of haste {unknown}
 j - a potion of brilliance {unknown}
 k - 2 potions of lignification {unknown}
 m - a potion of cancellation {unknown}
 n - 2 potions of flight {unknown}
Comestibles
 f - 8 rations


   Skills:
 - Level 1.5 Fighting
 - Level 3.6 Throwing
 - Level 1.5 Dodging
 - Level 0.3 Stealth
 + Level 3.4 Unarmed Combat


You had 2 spell levels left.
You didn't know any spells.

Dungeon Overview and Level Annotations

Branches:
Dungeon (3/15)

Altars:

Annotations:
D:3 Grinder


Innate Abilities, Weirdness & Mutations

You are too large for most types of armour.
You have claws for hands.
Your metabolism is lightning-fast.
You like to eat raw meat.
Your natural rate of healing is unusually fast.
You are covered in fur. (AC +1)
You have very tough skin. (AC +2)


Message History

Throwing (i - inventory. (/) - cycle)
c - 2 large rocks (quivered)
Press: ? - help, Shift-Dir - straight line, f/p - Grinder
Aim: Grinder (heavily wounded)
You throw a large rock. The large rock closely misses Grinder.
Grinder barely misses you. Grinder hits you!
* * * LOW HITPOINT WARNING * * *
Throwing (i - inventory. (/) - cycle)
c - a large rock (quivered)
Press: ? - help, Shift-Dir - straight line, f/p - Grinder
Aim: Grinder (heavily wounded)
You throw a large rock. The large rock hits Grinder!!
Grinder is almost dead.
Grinder hits you.
* * * LOW HITPOINT WARNING * * *
Throwing (i - inventory)
d - 3 throwing nets (quivered)
Press: ? - help, Shift-Dir - straight line, f/p - Grinder
Aim: Grinder (almost dead)
You throw a throwing net.
The throwing net closely misses Grinder.
Grinder hits you!
You die...

#.##.....
#.......
#..#...#
#..#...#
#..#...###
#..#.<...#
#......###
##.##.......
#@##.######
#5##.#
(.##.#
..(...#
######.# .#


You could see Grinder.

Vanquished Creatures
  Jessica (D:2)
  A worm (D:2)
  4 bats
  2 giant cockroaches (D:1)
  2 goblins
  5 hobgoblins
  3 kobolds
  A ball python (D:1)
  3 frilled lizards
  2 rats
24 creatures vanquished.

Notes
Turn   | Place    | Note
-------+----------+-------------------------------------------
     0 | D:1      | varam the Troll Hunter began the quest for the Orb.
     0 | D:1      | Reached XP level 1. HP: 19/19 MP: 0/0
   113 | D:1      | Reached skill level 1 in Unarmed Combat
   232 | D:1      | Reached XP level 2. HP: 27/27 MP: 1/1
   269 | D:1      | Reached skill level 2 in Unarmed Combat
  1021 | D:2      | Noticed Jessica
  1034 | D:2      | Killed Jessica
  1034 | D:2      | Reached skill level 3 in Unarmed Combat
  1034 | D:2      | Reached XP level 3. HP: 31/33 MP: 2/2
  1149 | D:3      | Noticed Grinder
  1159 | D:3      | HP: 2/33 [Grinder (7)]
  1161 | D:3      | Mangled by Grinder

Vault maps used:
D:1:      minmay_arrival_hallway
D:2:      glass_columns_a, uniq_jessica
D:3:      lemuel_crystal_altar, uniq_sigmund, uniq_grinder

Skill      XL: |  1  2 |
---------------+-------+-----
Unarmed Combat | 1 3 |  3.4
Fighting       | |  1.5
Throwing       | |  3.6
Dodging        | |  1.5
Stealth        | |  0.3

Action                   || total
-------------------------++-------
Melee: Unarmed           ||    51
Throw: Large rock        ||     6
       Throwing net      ||     1
 Stab: Sleeping          ||     2
  Eat: Chunk             ||    10
Armor: Robe              ||    23
Dodge: Dodged            ||    32

Table legend:
 A = Spawn XP
 B = Non-spawn XP
 C = Spawn XP percentage of total XP
 D = Spawn monster count
 E = Non-spawn monster count
 F = Spawn count percentage of total count
 G = Total turns spent on level
                    A         B        C        D         E        F      G
               +---------+---------+-------+---------+---------+-------+---------
         Total |       0 |      80 |   0.0 |       0 |      24 |   0.0 |  1161
               +---------+---------+-------+---------+---------+-------+---------
           D:1 |       0 |      28 |   0.0 |       0 |      16 |   0.0 |   507
           D:2 |       0 |      52 |   0.0 |       0 |       8 |   0.0 |   638
               +---------+---------+-------+---------+---------+-------+---------
